AoeStats
← Arthur Morgan

Arabia

508570908Analyzed
1v1 RM · 9d ago on Sep 23, 2026· 61m 35s· 2 players
Game mode
Random Map
Map size
Tiny (2 player)
Population
200
Speed
Normal
Resources
Standard
Victory
Conquest
Starting age
Dark Age
Ending age
Imperial Age
RankedLock teamsTeams togetherTeam positionsShared explorationLock speedFull tech treeHidden civsTurbo modeCheats
Victory
Defeat
🇨🇱 Varangians · Chile
1102
+14
🇺🇸 Saracens · United States
1053
-14
DESTROY IT!!!
0:28 Loom
11:04 Feudal Age
11:41 Double-Bit Axe
15:46 Wheelbarrow
15:18 Gold Mining
17:06 Fletching
23:09 Castle Age
24:38 Bow Saw
24:57 Hand Cart
25:16 Forging
25:08 Padded Archer Armor
27:41 Horse Collar
29:16 Scale Barding Armor
30:17 Iron Casting
35:47 Chain Barding Armor
39:12 Crossbowman
41:30 Bodkin Arrow
42:10 Elite Skirmisher
48:47 Imperial Age
46:46 Thumb Ring
48:30 Heavy Plow
49:44 Elite Mameluke
52:42 Arbalester
Arthur Morgan
6:57 Loom
10:12 Feudal Age
10:40 Horse Collar
10:46 Double-Bit Axe
16:56 Bloodlines
22:17 Castle Age
21:10 Forging
22:44 Gold Mining
23:09 Bow Saw
23:04 Heavy Plow
23:29 Husbandry
22:53 Light Cavalry
26:46 Wheelbarrow
26:42 Scale Barding Armor
26:50 Stone Mining
29:13 Hand Cart
30:56 Stone Shaft Mining
31:29 Fletching
32:41 Town Watch
34:05 Bodkin Arrow
34:31 Chain Barding Armor
36:13 Ballistics
36:46 Padded Archer Armor
40:07 Arson
40:24 Squires
40:09 Gambesons
40:27 Scale Mail Armor
41:02 Iron Casting
46:07 Imperial Age
46:59 Elite Varangian Guard
48:42 Blast Furnace
48:08 Hussar
49:58 Conscription
51:33 Chain Mail Armor
52:58 Bracer
53:33 Plate Barding Armor
52:57 Gothikon
55:01 Plate Mail Armor
58:51 Two-Man Saw
58:09 Capped Ram
58:57 Elite Jarl
60:36 Crop Rotation
Connection lost

Rejoining the realm…

Still unreachable

The connection could not be restored.

Session expired

The server has moved on; the page needs a fresh start.